 Dungeon Crawl Stone Soup version 0.27-a0-1202-ge72e49191c (webtiles) character file.

Game seed: 1675976048850309029

1212 bande the Covered (level 8, 0/48 HPs)
             Began as a Gargoyle Fighter on June 5, 2021.
             Was a Believer of Okawaru.
             Slain by a wight
             ... wielding a +3 mace
              (12 damage)
             ... on level 6 of the Dungeon.
             The game lasted 00:09:18 (5891 turns).

bande the Covered (Gargoyle Fighter)                Turns: 5891, Time: 00:09:19

Health: 0/48       AC: 16    Str: 26    XL:     8   Next: 46%
Magic:  10/10      EV:  7    Int: 10    God:    Okawaru [**....]
Gold:   254        SH: 11    Dex: 12    Spells: 7/7 levels left

rFire    . . .     SeeInvis .   a - +0 war axe
rCold    . . .     Faith    .   c - +1 kite shield
rNeg     + . .     Spirit   .   r - +0 chain mail
rPois    ∞         Reflect  .   s - +0 helmet
rElec    +         Harm     .   (no cloak)
rCorr    .         Rampage  .   (no gloves)
Will     +....                  (no boots)
Stlth    ..........             (no amulet)
HPRegen  0.16/turn              l - ring of willpower
MPRegen  0.12/turn              m - +6 ring of strength

@: no status effects
A: sickness immunity, AC +5, negative energy resistance 1, electricity
resistance, torment resistance 1, petrification resistance, talons 1, agile 1,
sense surroundings 1, MP-powered wands
a: Renounce Religion, Heroism


You were on level 6 of the Dungeon.
You worshipped Okawaru.
Okawaru was pleased with you.
You visited 2 branches of the dungeon, and saw 7 of its levels.

You collected 254 gold pieces.

Inventory:

Hand Weapons
 a - a +0 war axe (weapon)
 b - a +0 flail
 p - a +0 war axe
Missiles
 g - a throwing net (quivered)
Armour
 c - a +1 kite shield (worn)
 r - a +0 chain mail (worn)
 s - a +0 helmet (worn)
Jewellery
 l - a ring of willpower (left hand)
 m - a +6 ring of strength (right hand)
 o - a ring of fire
Wands
 i - a wand of paralysis (2)
Scrolls
 f - a scroll of blinking
Potions
 d - 3 potions of might
 e - 3 potions of haste
 h - a potion of mutation
 j - a potion of brilliance
 n - a potion of magic {unknown}
 q - a potion of heal wounds {unknown}


   Skills:
 + Level 4.8 Fighting
 + Level 5.3 Axes
 + Level 5.8 Armour
 - Level 1.1 Dodging
 + Level 5.3 Shields
 * Level 2.9 Invocations
 * Level 2.3 Evocations


You had 7 spell levels left.
You didn't know any spells.
Your spell library contained the following spells:

 Spells                   Type           Power      Damage    Failure   Level
 Shock                    Conj/Air       0%         1d3       100%        1
 Static Discharge         Conj/Air       0%         N/A       100%        2
 Swiftness                Air            0%         N/A       100%        3
 Airstrike                Air            0%         N/A       100%        4
 Lightning Bolt           Conj/Air       0%         1d11      100%        5


Dungeon Overview and Level Annotations

Branches:
Dungeon (6/15)             Temple (1/1) D:4

Altars:
Cheibriados
Dithmenos
Elyvilon
Okawaru
Yredelemnul
The Shining One


Innate Abilities, Weirdness & Mutations

You are immune to sickness and miasma.
Your stone body is resilient. (AC +5)
You are immune to poison.
You resist negative energy. (rN+)
You are resistant to electric shocks. (rElec)
You are resistant to unholy torment.
You are immune to petrification.
You have sharp toenails.
You are agile. (Dex +2)
You passively map a small area around you.
You expend magic power (3 MP) to strengthen your wands.


Message History

You slash the wight!
You destroy the wight!
Okawaru accepts your kill. You block the wight's attack.
The wight hits you with a +1 dagger of freezing.
The wight freezes you.
You closely miss the wight. Your kick misses the wight.
The wight zaps a wand.
The bolt of acid misses you. You block the wight's attack.
The wight zaps a wand.
The bolt of acid hits you!
You are splashed with acid!
You are too injured to fight recklessly!
You are too injured to fight recklessly!
You are too injured to fight recklessly!
You are too injured to fight recklessly!
You are too injured to fight recklessly!
You are too injured to fight recklessly!
You are too injured to fight recklessly!
You are too injured to fight recklessly!
You are too injured to fight recklessly!
You are too injured to fight recklessly!
Unknown command.
Your shield and chain mail prevent you from hitting the wight.
Your kick misses the wight. You hit the wight. You block the wight's attack.
The wight hits you from afar with a +6 spear.
You block the wight's attack.
You hit the wight but do no damage. Your kick misses the wight.
You hit the wight but do no damage. The wight hits you but does no damage.
The wight hits you from afar with a +6 spear.
You block the wight's attack. The wight hits you but does no damage.
The wight completely misses you.
Unknown command.
You closely miss the wight. Your kick misses the wight.
You closely miss the wight. The wight hits you but does no damage.
You block the wight's attack. The wight barely misses you.
The wight closely misses you.
The wight hits you with a +1 dagger of freezing.
* * * LOW HITPOINT WARNING * * *
The wight freezes you.
* * * LOW HITPOINT WARNING * * *
You block the wight's attack. The wight hits you with a +3 mace!
You die...

, #<......# ,.. ,,
#......### ##.##
##.####..#...... #....
,...#.....#...... *
#...# ...#...........# .
#... #)....##..[.....
...#...##.........#.†..#
#.....z...........#....#
..###.@z#............##
.......z..............#
.............#...######
.............#..##
#.##...###..##...# #
*##.# ##.....## ##
#..(...# ####..## #..#


You could see 3 wights.

Vanquished Creatures
  Eustachio (D:4)
  A steam dragon (D:6)
  Menkaure (D:4)
  3 ogres (D:5)
  A phantom (D:5)
  A gnoll sergeant (D:5)
  A bullfrog (D:6)
  A wight (D:6)
  A centaur zombie (D:5)
  A jelly (D:5)
  An orc priest (D:5)
  Ijyb (D:4)
  An iguana (D:5)
  An orc wizard (D:5)
  4 gnolls (D:5)
  8 adders
  An ufetubus (D:4)
  An adder skeleton (D:4)
  A dart slug (D:4)
  7 orcs
  4 ball pythons
  3 endoplasms
  2 giant cockroaches (D:1)
  A goblin (D:4)
  7 hobgoblins
  4 jackals
  8 kobolds
  2 quokkas (D:1)
  2 bats
  4 rats
75 creatures vanquished.

Vanquished Creatures (others)
  2 plants (D:4)
2 creatures vanquished.

Grand Total: 77 creatures vanquished

Notes
Turn   | Place    | Note
-------+----------+-------------------------------------------
     0 | D:1      | bande the Gargoyle Fighter began the quest for the Orb.
     0 | D:1      | Reached XP level 1. HP: 14/14 MP: 1/1
     3 | D:1      | Noticed an electric eel
     4 | D:1      | Noticed an electric eel
   101 | D:1      | Reached XP level 2. HP: 18/19 MP: 2/2
   979 | D:2      | Reached XP level 3. HP: 21/23 MP: 3/3
  2159 | D:3      | Reached XP level 4. HP: 27/29 MP: 4/4
  2240 | D:3      | Gained mutation: You expend magic power (3 MP) to
                  | strengthen your wands. [potion of mutation]
  2240 | D:3      | Gained mutation: You passively map a small area around you.
                  | [potion of mutation]
  2240 | D:3      | Gained mutation: You are agile. (Dex +2) [potion of
                  | mutation]
  2240 | D:3      | Gained mutation: You have sharp toenails. [potion of
                  | mutation]
  2729 | D:4      | Noticed Menkaure
  2736 | D:4      | Killed Menkaure
  2737 | D:4      | Reached XP level 5. HP: 30/33 MP: 5/5
  2957 | D:4      | Noticed Ijyb
  2971 | D:4      | Paralysed by something for 2 turns
  2985 | D:4      | Paralysed by Ijyb for 2 turns
  2988 | D:4      | Killed Ijyb
  3230 | D:4      | Found a staircase to the Ecumenical Temple.
  3236 | Temple   | Entered the Ecumenical Temple
  3241 | Temple   | Became a worshipper of Warmaster Okawaru
  3279 | D:4      | Noticed Eustachio
  3305 | D:4      | Killed Eustachio
  3306 | D:4      | Reached skill level 1 in Dodging
  3306 | D:4      | Reached XP level 6. HP: 19/38 MP: 6/6
  3959 | D:5      | Entered Level 5 of the Dungeon
  4079 | D:5      | Reached skill level 5 in Armour
  4079 | D:5      | Reached XP level 7. HP: 43/43 MP: 7/7
  4117 | D:5      | Reached skill level 1 in Invocations
  4177 | D:5      | Reached skill level 1 in Evocations
  4192 | D:5      | Reached * piety under Okawaru
  5226 | D:5      | Reached skill level 5 in Shields
  5226 | D:5      | Reached XP level 8. HP: 34/48 MP: 9/9
  5233 | D:5      | Reached skill level 5 in Axes
  5244 | D:5      | Reached ** piety under Okawaru
  5891 | D:6      | Slain by a wight

Illustrated notes

Levels and vault maps discovered:
D:1:      arrival_aquarium_b, layout_loops_ring
D:2:      layout_basic
D:3:      layout_basic
D:4:      layout_gridville, minmay_temple_entry_enclosed_plants,
          serial_bayou_ford_a, uniq_eustachio, uniq_menkaure, uniq_ijyb
D:5:      layout_basic, kennysheep_donut
D:6:      layout_cave_pools, serial_shops, nicolae_shop_statue_plus
Temple:   grunt_wide_crystal_templ

Skill      XL: |  1  2  3  4  5  6  7  8 |
---------------+-------------------------+-----
Axes           | 2 3 4 5 |  5.3
Armour         | 4 5 |  5.8
Shields        | 4 5 |  5.3
Fighting       | 4 |  4.8
Dodging        | 1 |  1.1
Invocations    | 2 |  2.9
Evocations     | 1 2 |  2.3

Action                   |  1- 3 |  4- 6 |  7- 9 || total
-------------------------+-------+-------+-------++-------
Melee: War axe           |   105 |    83 |   116 ||   304
       Kick              |       |    21 |    35 ||    56
  Use: Scroll            |     6 |     1 |     1 ||     8
       Potion            |       |     1 |     4 ||     5
Armor: Scale mail        |    68 |    76 |    44 ||   188
       Chain mail        |       |       |    35 ||    35
Dodge: Dodged            |    40 |    29 |    41 ||   110
Block: Kite shield       |    77 |    49 |    74 ||   200

Table legend: (Time is in decaauts)
 A = Elapsed time spent in this place.
 B = Non-inter-level travel time spent in this place.
 C = Inter-level travel time spent in this place.
 D = Time resting spent in this place.
 E = Time spent auto-exploring this place.
 F = Levels seen in this place.
 G = Mean time per level.
                   A        B        C        D        E       F      G
               +--------+--------+--------+--------+--------+-----+--------+
         Total |   6070 |   5948 |    122 |   1151 |   3781 |   7 |  867.1 |
       Dungeon |   6059 |   5937 |    122 |   1151 |   3781 |   6 | 1009.8 |
        Temple |     10 |     10 |      0 |      0 |      0 |   1 |   10.0 |
               +--------+--------+--------+--------+--------+-----+--------+

Top non-repeatable levels by time:
     D:5: 1700 daAuts
     D:4: 1265 daAuts
     D:2: 1029 daAuts
     D:1: 998 daAuts
     D:3: 770 daAuts
     D:6: 293 daAuts
  Temple: 10 daAuts
